 Dungeon Crawl Stone Soup version 0.22-a0-570-g58866f5 (webtiles) character file.

894 Hebeh the Chopper (level 7, -1/61 HPs)
             Began as a Minotaur Fighter on June 30, 2018.
             Killed from afar by a white imp (6 damage)
             ... with a puff of frost
             ... summoned by Eustachio
             ... on level 5 of the Dungeon.
             The game lasted 00:12:37 (4448 turns).

Hebeh the Chopper (Minotaur Fighter)                Turns: 4448, Time: 00:12:38

Health: -1/61      AC:  8    Str: 22    XL:     7   Next: 78%
Magic:  7/7        EV:  8    Int:  5    God:
Gold:   97         SH: 10    Dex: 10    Spells: 6/6 levels left

rFire    + . .     SeeInvis .   a - +0 war axe
rCold    . . .     Gourm    .   c - +0 shield
rNeg     . . .     Faith    .   x - +0 scale mail
rPois    .         Spirit   .   (helmet restricted)
rElec    .         Reflect  .   o - +0 cloak
rCorr    .         Harm     .   (no gloves)
MR       .....                  (no boots)
Stlth    ..........             (no amulet)
HPRegen  0.20/turn              q - ring of protection from fire
MPRegen  0.10/turn              v - ring of loudness

@: no status effects
A: retaliatory headbutt, horns 2
a: no special abilities


You were on level 5 of the Dungeon.
You were hungry.

You visited 1 branch of the dungeon, and saw 5 of its levels.

You collected 196 gold pieces.
You spent 99 gold pieces at shops.

Inventory:

Hand Weapons
 a - a +0 war axe (weapon)
 b - a +2 hunting sling
Missiles
 u - 35 sling bullets
Armour
 c - a +0 shield (worn)
 o - a +0 cloak (worn)
 x - a +0 scale mail (worn)
Jewellery
 q - a ring of protection from fire (left hand)
 v - a ring of loudness (right hand)
Wands
 l - a wand of random effects (28)
 s - a wand of acid (4)
Scrolls
 i - 8 scrolls of identify
 j - 2 scrolls of teleportation
 k - 6 scrolls of remove curse
 t - a scroll of amnesia
Potions
 d - 2 potions of might
 e - a potion of ambrosia {unknown}
 g - a potion of heal wounds {unknown}
 h - a potion of flight {unknown}
 m - a potion of agility {unknown}
 p - a potion of mutation {unknown}
 r - 2 potions of curing {unknown}
 z - a potion of cancellation {unknown}
Comestibles
 f - 9 rations


   Skills:
 + Level 5.6 Fighting
 * Level 6.5 Axes
 + Level 2.4 Slings
 + Level 5.6 Armour
 + Level 5.6 Shields
 + Level 2.0 Evocations


You had 6 spell levels left.
You didn't know any spells.
Your spell library was empty.

Dungeon Overview and Level Annotations

Branches:
Dungeon (5/15)
 Temple: D:4-7

Altars:
Ashenzari
Hepliaklqana
Ru
Sif Muna

Shops:
D:5 ?

Annotations:
D:5 Eustachio


Innate Abilities, Weirdness & Mutations

You reflexively headbutt those who attack you in melee.
You have a pair of horns on your head.


Message History

Eustachio blinks!
The quasit closely misses you. You furiously retaliate!
You headbutt the quasit! The quasit claws you.
* * * LOW HITPOINT WARNING * * *
The quasit barely misses you.
The iron imp hits you but does no damage.
The white imp hits you but does no damage.
The quasit barely misses you. You furiously retaliate!
You headbutt the quasit.
You kill the quasit!
You block the centaur's attack.
Unknown command.
You slash the centaur!
You kill the centaur!
Your Evocations skill increases to level 2!
You slash the iron imp! You hit the white imp but do no damage.
The iron imp puffs mist at you. The iron imp hits you.
* * * LOW HITPOINT WARNING * * *
The white imp gestures at you. The puff of frost hits you!
You die...

######## ...... ....
#######..
........###########
.#..#(.)@.........#
..(.(.(55.........#
..................#
(.....@......♣P...#
.#..#........♣♣...#
..(.....#.......###
##############.#......##
#...#..........#.....##
#...'..........#.....#


You could see Eustachio, an iron imp and a white imp.

Vanquished Creatures
  Grinder (D:5)
  Edmund (D:4)
  A centaur (D:5)
  A bullfrog (D:3)
  2 scorpions (D:4)
  A centaur zombie (D:5)
  An orc priest (D:5)
  A centaur skeleton (D:4)
  Terence (D:2)
  3 worker ants (D:4)
  A hound zombie (D:5)
  Robin (D:2)
  3 adders
  3 oozes
  4 worms
  2 dart slugs
  5 leopard geckos
  5 orcs
  7 bats
  5 giant cockroaches
  14 goblins
  2 hobgoblins
  2 jackals (D:3)
  3 frilled lizards (D:4)
  12 kobolds
  10 rats
92 creatures vanquished.

Notes
Turn   | Place    | Note
-------+----------+-------------------------------------------
     0 | D:1      | Hebeh the Minotaur Fighter began the quest for the Orb.
     0 | D:1      | Reached XP level 1. HP: 19/19 MP: 0/0
    40 | D:1      | Reached XP level 2. HP: 26/27 MP: 1/1
   141 | D:1      | Reached skill level 3 in Axes
   551 | D:1      | Reached XP level 3. HP: 33/33 MP: 2/2
  1512 | D:2      | Noticed Robin
  1527 | D:2      | Killed Robin
  1528 | D:2      | Reached XP level 4. HP: 27/40 MP: 3/3
  1924 | D:2      | Noticed Terence
  1927 | D:2      | Killed Terence
  1927 | D:2      | Reached skill level 4 in Axes
  2228 | D:3      | Noticed a bullfrog
  2241 | D:3      | Killed a bullfrog
  2241 | D:3      | Reached XP level 5. HP: 16/47 MP: 4/4
  3347 | D:4      | Noticed Edmund
  3369 | D:4      | Killed Edmund
  3369 | D:4      | Reached skill level 5 in Axes
  3369 | D:4      | Reached skill level 1 in Slings
  3369 | D:4      | Reached XP level 6. HP: 37/55 MP: 5/5
  3489 | D:4      | Found a hazy altar of Hepliaklqana.
  3512 | D:4      | Reached skill level 5 in Fighting
  3522 | D:4      | Reached skill level 5 in Armour
  3522 | D:4      | Reached skill level 5 in Shields
  3618 | D:4      | Reached skill level 1 in Evocations
  3738 | D:4      | Found a deep blue altar of Sif Muna.
  3739 | D:4      | Found a shattered altar of Ashenzari.
  3777 | D:4      | Reached XP level 7. HP: 61/61 MP: 6/6
  3940 | D:5      | Entered Level 5 of the Dungeon
  3975 | D:5      | Found Figy's Magic Scroll Emporium.
  3982 | D:5      | Bought 2 scrolls of identify for 44 gold pieces
  3982 | D:5      | Bought a scroll of remove curse for 33 gold pieces
  3982 | D:5      | Bought a scroll of identify for 22 gold pieces
  4159 | D:5      | Found a sacrificial altar of Ru.
  4187 | D:5      | Reached skill level 6 in Axes
  4358 | D:5      | Noticed Grinder
  4364 | D:5      | Paralysed by Grinder for 4 turns
  4372 | D:5      | Killed Grinder
  4428 | D:5      | Noticed Eustachio
  4448 | D:5      | Killed from afar by a white imp

Vault maps used:
D:1:      scummos_arrival_simple_fountains, roderic_filled_cross,
          columned_hall_lemuel
D:2:      uniq_terence, uniq_robin
D:4:      overflow_temple_1_default, nicolae_overflow_hidden_temple,
          hangedman_glass_teeth, uniq_edmund
D:5:      lemuel_doored_altar, cheibriados_altar_1, temple_hall, first_ration,
          serial_shops, shop, serial_park_tiny_1, uniq_grinder, uniq_eustachio

Skill      XL: |  1  2  3  4  5  6  7 |
---------------+----------------------+-----
Axes           | 3 4 5 6 |  6.5
Armour         | 4 5 |  5.6
Shields        | 4 5 |  5.6
Fighting       | 4 5 |  5.6
Slings         | 1 2 |  2.4
Evocations     | 1 2 |  2.0

Action                   |  1- 3 |  4- 6 |  7- 9 || total
-------------------------+-------+-------+-------++-------
Melee: War axe           |    84 |   132 |     7 ||   223
       Headbutt          |    11 |    16 |       ||    27
 Fire: Hunting sling     |       |     5 |    44 ||    49
  Use: Scroll            |       |       |    10 ||    10
  Eat: Chunk             |     2 |     4 |     1 ||     7
       Ration            |       |     1 |       ||     1
Armor: Scale mail        |    41 |    49 |    24 ||   114
Dodge: Dodged            |    20 |    46 |    20 ||    86
Block: Shield            |    35 |    81 |    35 ||   151

Table legend:
 A = Spawn XP
 B = Non-spawn XP
 C = Spawn XP percentage of total XP
 D = Spawn monster count
 E = Non-spawn monster count
 F = Spawn count percentage of total count
 G = Total turns spent on level
                    A         B        C        D         E        F      G
               +---------+---------+-------+---------+---------+-------+---------
         Total |       0 |    1278 |   0.0 |       0 |      92 |   0.0 |  4448
               +---------+---------+-------+---------+---------+-------+---------
           D:1 |       0 |      54 |   0.0 |       0 |      25 |   0.0 |  1108
           D:2 |       0 |      90 |   0.0 |       0 |      18 |   0.0 |   884
           D:3 |       0 |     168 |   0.0 |       0 |      29 |   0.0 |  1355
           D:4 |       0 |     480 |   0.0 |       0 |      13 |   0.0 |   593
           D:5 |       0 |     486 |   0.0 |       0 |       7 |   0.0 |   508
               +---------+---------+-------+---------+---------+-------+---------
